 Dungeon Sprint DCSS version 0.18-a0-119-g02a7081 (webtiles) character file.

97779 Kidiri the Imperceptible (level 15, -2/80 HPs)
             Began as a Spriggan Enchanter on Nov 19, 2015.
             Was the Champion of Dithmenos.
             Slain by a stone giant (38 damage)
             ... in the Dungeon (Sprint III: "The Ten Rune Challenge").
             The game lasted 01:13:14 (10293 turns).

Kidiri the Imperceptible (Spriggan Enchanter)      Turns: 10293, Time: 01:13:14

Health: -2/80      AC:  9    Str:  4    XL:     15   Next: 36%
Magic:  7/39       EV: 37    Int: 37    God:    Dithmenos [******]
Gold:   315        SH:  7    Dex: 19    Spells: 13 memorised, 0 levels left

rFire  + + .     SeeInvis +     A - +4 quick blade
rCold  . . .     Clarity  +     o - +2 robe {rF+}
rNeg   + . .     SustAt   .     E - +0 buckler
rPois  +         Gourm    .     f - +3 hat of Pondering {ponderous, MR+ MP+10 Int+5}
rElec  .         Spirit   .     l - +1 cloak {+Inv}
rCorr  .         Warding  .     (gloves unavailable)
rMut   .         NoTele   +     (boots unavailable)
MR     ++++.                    (no amulet)
Stlth  ++++++++++               y - ring of Jibassif {Wiz rF+ MR+}
                                w - ring "Jasa" {rPois rN+ MP-9 Int+11}

@: wreathed by umbra, very quick, incredibly resistant to hostile enchantments,
uncannily stealthy
A: unfitting armour, see invisible, clarity, deformed body, herbivore 3, speed
3, slow metabolism 2
a: Shadow Step, Shadow Form, Renounce Religion, Evoke Invisibility
}: 1/10 runes: barnacled


You were in the Dungeon.
You worshipped Dithmenos.
Dithmenos was exalted by your worship.
You were not hungry.

You visited 1 branch You collected 2326 gold pieces.
You spent 2011 gold pieces at shops.

Inventory:

Hand Weapons
 a - the +0 quick blade "Giantbane" {freeze, Str+4}
   (You found it in the Dungeon)

   It has been specially enchanted to freeze those struck by it, causing extra
   injury to most foes and up to half again as much damage against particularly
   susceptible opponents.
   It can also slow down cold-blooded creatures.
   It affects your strength (+4).
 A - a +4 quick blade (weapon)
Missiles
 b - 7 throwing nets (quivered)
Armour
 f - the +3 hat of Pondering (worn) {ponderous, MR+ MP+10 Int+5}
   (You took it off Gastronok in the Dungeon)

   It affects your intelligence (+5).
   It affects your resistance to hostile enchantments.
   It affects your magic capacity (+10).
 l - a +1 cloak of invisibility (worn)
 o - a +2 robe of fire resistance (worn)
 E - a +0 buckler (worn)
 F - a +2 robe of cold resistance
Jewellery
 w - the ring "Jasa" (left hand) {rPois rN+ MP-9 Int+11}
   (You bought it in a shop in the Dungeon)

   [ring of positive energy]

   It affects your intelligence (+11).
   It protects you from poison.
   It protects you from negative energy.
   It affects your magic capacity (-9).
 x - an uncursed ring of flight
 y - the ring of Jibassif (right hand) {Wiz rF+ MR+}
   (You found it in the Dungeon)

   [ring of wizardry]

   It improves your spell success rate.
   It protects you from fire.
   It affects your resistance to hostile enchantments.
 C - the ring "Posimov" {EV+2 Dex+4, unknown}
   (You took it off a vault guard in the Dungeon)

   [ring of evasion]

   It affects your evasion (+2).
   It affects your dexterity (+4).
Wands
 k - a wand of heal wounds (5)
 m - a wand of digging (10)
 n - a wand of magic darts (19)
 R - a wand of hasting (4)
Scrolls
 j - 5 scrolls of amnesia
 p - 2 scrolls of remove curse
 t - a scroll of holy word
 u - 2 scrolls of recharging
 B - a scroll of magic mapping
 M - a scroll of torment
 O - 5 scrolls of identify
Potions
 c - a potion of might
 e - 3 potions of curing
 g - a potion of haste
 h - a potion of resistance
 i - a potion of berserk rage
 r - 3 potions of cure mutation
 s - 2 potions of flight
 v - a potion of mutation
 z - 2 potions of heal wounds
Books
 T - the Catalogue of Air
   (You found it in the Dungeon)

   Spells                             Type                      Level
   a - Mephitic Cloud                 Conjuration/Poison/Air       3
   b - Deflect Missiles               Charms/Air                   6
   c - Freezing Cloud                 Conjuration/Ice/Air          6
Comestibles
 d - a fruit
 q - 32 royal jellies


   Skills:
 + Level 10.0 Fighting
 * Level 17.5 Short Blades
 + Level 9.1 Armour
 * Level 21.7 Dodging
 * Level 23.3 Stealth
 + Level 3.7 Shields
 * Level 18.9 Spellcasting
 + Level 9.4 Conjurations
 + Level 13.8 Hexes
 + Level 8.9 Charms
 + Level 14.9 Translocations
 + Level 8.0 Transmutations
 + Level 10.0 Ice Magic
 + Level 5.6 Air Magic
 + Level 5.6 Earth Magic
 + Level 2.0 Poison Magic
 - Level 2.4 Invocations
 + Level 14.4 Evocations


You couldn't memorise any spells.
You knew the following spells:

 Your Spells              Type           Power        Failure   Level  Hunger
a - Corona                Hex            #######      0%          1    None
b - Ensorcelled Hibernat  Hex/Ice        ######       0%          2    None
c - Confuse               Hex            #######.     0%          3    None
d - Tukima's Dance        Hex            #######.     0%          3    None
e - Dazzling Spray        Conj/Hex       #######.     1%          3    None
f - Controlled Blink      Tloc           N/A          7%          8    ####...
g - Disjunction           Tloc           #######...   7%          8    ####...
h - Swiftness             Chrm/Air       ######..     1%          2    None
i - Passwall              Trmt/Erth      ######....   1%          3    None
j - Passage of Golubria   Tloc           N/A          1%          4    None
k - Lee's Rapid Deconstr  Erth           ######....   1%          5    None
l - Darkness              Hex            #######...   1%          6    None
m - Mephitic Cloud        Conj/Pois/Air  ######..     1%          3    None


Dungeon Overview and Level Annotations

Branches:
Dungeon (1/1)

Altars:
Cheibriados
Dithmenos
Elyvilon
Fedhas
Gozag
Kikubaaqudgha
Makhleb
Nemelex Xobeh
Okawaru
Qazlal
Ru
Sif Muna
Trog
Vehumet
Xom
Yredelemnul
Zin
The Shining One
Jiyva
Lugonu

Shops:
D ?}*?[:(=:((=!!?}[%


Innate Abilities, Weirdness & Mutations

You are tiny and cannot use many weapons and most armour.
You have supernaturally acute eyesight.
You are a herbivore.
You cover ground extremely quickly.
You need consume almost no food.
You possess an exceptional clarity of mind.
Armour fits poorly on your strangely shaped body.


Message History

Confirm with . or Enter, or press ? or * to list all spells.
Aiming: Dazzling Spray
Press: ? - help, Shift-Dir - straight line, f/p - stone giant
Aim: a stone giant (grey smoke, heavily wounded, umbra)
The spray of energy hits the stone giant.
The stone giant is heavily wounded.
Your shadow mimicks your spell!
The shadow shard hits the stone giant.
The vault guard shouts!
The vault guard barely misses you. The stone giant closely misses you.
Casting: Dazzling Spray
Confirm with . or Enter, or press ? or * to list all spells.
Aiming: Confuse
Press: ? - help, Shift-Dir - straight line, f/p - stone giant
Aim: a stone giant (grey smoke, heavily wounded, umbra, chance to defeat MR: 39%)
The stone giant resists with some effort.
Your shadow mimicks your spell!
The stone giant resists with almost no effort.
The stone giant hits you!!!
You die...

≈≈≈≈##..##.# ..zpppp#p≈≈≈≈#
≈........#.# .D.Dppp#.≈≈≈≈#
≈≈≈≈##..##.# ..)CpDp#p≈≈≈.#
....+......# ..b)pDp#≈≈≈≈≈#
############ .b....p#.p...#
########## ..b.b.b#.....#
...+...≈≈# b...b..#.....#
...#...≈≈####################'#
...#...≈≈≈≈##§§§@Cp§'..§p§...§#
...#...≈≈≈≈##§#######..§§§....#
...#.......##§......#§§§.§§...#
...#.......########.#§§§§§..).#
...#.......##.......#§........#
...############'###############
#############.#.....#.§§§§§.§(#
.§≈≈≈##§.≈§≈##.#.#..#§§§§§§≈≈≈#
.§§≈§#§.§#§≈#.#.#.#)#§§§§§§..(#


You could see a stone giant and a vault guard.

Vanquished Creatures
  Norris (D)
  Sigmund (D)
  2 liches (D)
  Rupert (D)
  A quicksilver dragon (D)
  A deep elf master archer (D)
  A kraken (D)
  Gastronok (D)
  Chuck (D)
  2 sphinxes (D)
  2 shadow dragons (D)
  Maud (D)
  3 deep elf demonologists (D)
  2 dire elephants (D)
  Azrael (D)
  6 vault guards (D)
  2 mummy priests (D)
  2 deep elf death magi (D)
  3 yaktaur captains (D)
  An ogre mage (D)
  2 hydras (D)
  Erolcha (D)
  A fire dragon (D)
  An anaconda (shapeshifter) (D)
  2 alligator snapping turtles (D)
  2 centaur warriors (D)
  4 dancing weapons (D)
  4 death yaks (D)
  A small abomination (D)
  An iron golem (D)
  2 skeletal warriors (D)
  3 death drakes (D)
  4 hell knights (D)
  A spriggan druid (D)
  2 deep elf summoners (D)
  A lindwurm (D)
  An obsidian statue (D)
  An orange crystal statue (D)
  An orc knight (D)
  8 ugly things (D)
  2 deep elf conjurers (D)
  An orc sorcerer (D)
  4 crystal guardians (D)
  A shining eye (shapeshifter) (D)
  2 black mambas (D)
  A sixfirhy (D)
  A rust devil (D)
  2 spiny frogs (D)
  Edmund (D)
  An eye of devastation (shapeshifter) (D)
  2 yaktaurs (D)
  2 elephants (D)
  3 guardian mummies (D)
  A komodo dragon (D)
  A fire drake (D)
  A queen bee (D)
  2 deep elf priests (D)
  A merfolk (shapeshifter) (D)
  4 spriggan defenders (D)
  3 wandering mushrooms (D)
  A slime creature (shapeshifter) (D)
  An orc high priest (D)
  2 slime creatures (D)
  4 snapping turtles (D)
  8 blink frogs (D)
  2 trapdoor spiders (D)
  2 spriggans (D)
  4 redbacks (D)
  A shadow (D)
  A spatial vortex (D)
  2 hill giants (D)
  A swamp drake (D)
  3 orc warriors (D)
  A necrophage (D)
  3 two-headed ogres (D)
  2 brain worms (D)
  A water elemental (D)
  32 killer bees (D)
  An electric eel (D)
  A jelly (D)
  Crazy Yiuf (D)
  5 orc priests (D)
  Jessica (D)
  A wizard (D)
  3 orc wizards (D)
  2 necromancers (D)
  3 humans (D)
  A kobold demonologist (D)
  A giant eyeball (D)
  An ooze (D)
  8 orcs (D)
  2 rats (D)
  A bush (D)
  2 butterflies (D)
  5 plants (D)
224 creatures vanquished.

Vanquished Creatures (collateral kills)
  A deep elf priest (D)
1 creature vanquished.

Vanquished Creatures (others)
  2 draconian scorchers (D)
  A mummy priest (D)
  3 yaktaurs (D)
  A fungus (D)
  7 plants (D)
  12 tentacles (D)
  216 tentacle segments (D)
242 creatures vanquished.

Grand Total: 467 creatures vanquished

Notes
Turn   | Place    | Note
--------------------------------------------------------------
     0 | D        | Kidiri the Spriggan Enchanter began the quest for the Orb.
     0 | D        | Reached XP level 1. HP: 9/9 MP: 5/5
    22 | D        | Noticed Jessica
    24 | D        | Killed Jessica
    24 | D        | Reached skill level 1 in Fighting
    24 | D        | Reached skill level 1 in Armour
    24 | D        | Reached skill level 5 in Stealth
    24 | D        | Reached XP level 2. HP: 12/14 MP: 6/8
    24 | D        | Reached XP level 3. HP: 15/18 MP: 6/9
    29 | D        | Learned a level 2 spell: Ensorcelled Hibernation
    33 | D        | Learned a level 3 spell: Confuse
    37 | D        | Learned a level 3 spell: Dazzling Spray
    91 | D        | Reached skill level 5 in Dodging
    91 | D        | Reached skill level 6 in Stealth
   128 | D        | Killed a yaktaur
   152 | D        | Noticed Crazy Yiuf
   159 | D        | Killed Crazy Yiuf
   159 | D        | Reached XP level 4. HP: 22/22 MP: 9/11
   173 | D        | Killed a yaktaur
   174 | D        | Learned a level 3 spell: Tukima's Dance
   196 | D        | Killed a white draconian scorcher
   220 | D        | Killed a white draconian scorcher
   346 | D        | Gained mutation: You tend to lose your temper in combat. [potion of mutation]
   346 | D        | Gained mutation: You are agile. (Dex +2) [potion of mutation]
   346 | D        | Lost mutation: You tend to lose your temper in combat. [potion of mutation]
   347 | D        | Gained mutation: Armour fits poorly on your strangely shaped body. [potion of mutation]
   347 | D        | Gained mutation: You possess an exceptional clarity of mind. [potion of mutation]
   353 | D        | Reached skill level 7 in Stealth
   353 | D        | Reached skill level 5 in Spellcasting
   353 | D        | Reached skill level 1 in Conjurations
   353 | D        | Reached skill level 5 in Hexes
   353 | D        | Reached skill level 1 in Ice Magic
   353 | D        | Reached skill level 1 in Evocations
   353 | D        | Reached XP level 5. HP: 24/26 MP: 9/13
   389 | D        | Noticed a shadow
   402 | D        | Killed a shadow
   402 | D        | Reached skill level 5 in Short Blades
   402 | D        | Reached skill level 8 in Stealth
   402 | D        | Reached XP level 6. HP: 27/32 MP: 7/16
   472 | D        | Reached skill level 9 in Stealth
   509 | D        | Found a stormy altar of Qazlal.
   510 | D        | Found a sacrificial altar of Ru.
   510 | D        | Found a burning altar of Makhleb.
   510 | D        | Found a viscous altar of Jiyva.
   510 | D        | Found a shimmering altar of Xom.
   510 | D        | Found a shadowy altar of Dithmenos.
   510 | D        | Found a sparkling altar of Nemelex Xobeh.
   510 | D        | Found a corrupted altar of Lugonu.
   510 | D        | Found an opulent altar of Gozag.
   510 | D        | Noticed a spatial vortex
   514 | D        | Became a worshipper of Dithmenos the Shadowed
   537 | D        | Killed a spatial vortex
   537 | D        | Reached skill level 1 in Invocations
   671 | D        | Found a radiant altar of Vehumet.
   672 | D        | Found a deep blue altar of Sif Muna.
   672 | D        | Found an ancient bone altar of Kikubaaqudgha.
   692 | D        | Found a glowing silver altar of Zin.
   693 | D        | Found a glowing golden altar of the Shining One.
   693 | D        | Found a white marble altar of Elyvilon.
   693 | D        | Noticed a deep elf priest
   707 | D        | Killed a deep elf priest
   707 | D        | Reached * piety under Dithmenos
   707 | D        | Reached skill level 10 in Stealth
   707 | D        | Reached XP level 7. HP: 15/36 MP: 13/19
   889 | D        | Found an iron altar of Okawaru.
   890 | D        | Found a bloodstained altar of Trog.
   890 | D        | Noticed a human
   890 | D        | Noticed a human
   892 | D        | Killed a human
   893 | D        | Killed a human
   893 | D        | Reached skill level 11 in Stealth
   893 | D        | Reached skill level 5 in Evocations
   907 | D        | Found a snail-covered altar of Cheibriados.
   908 | D        | Found a basalt altar of Yredelemnul.
   908 | D        | Found a blossoming altar of Fedhas.
   909 | D        | Reached ** piety under Dithmenos
   909 | D        | Reached skill level 10 in Dodging
   909 | D        | Reached XP level 8. HP: 41/41 MP: 19/21
   928 | D        | Learned a level 8 spell: Controlled Blink
   950 | D        | Reached skill level 1 in Translocations
   961 | D        | Reached *** piety under Dithmenos
  1067 | D        | Noticed Erolcha
  1069 | D        | Killed Erolcha
  1069 | D        | Reached skill level 12 in Stealth
  1069 | D        | Reached XP level 9. HP: 45/45 MP: 23/23
  1111 | D        | Reached skill level 10 in Spellcasting
  1135 | D        | Learned a level 8 spell: Disjunction
  1157 | D        | Reached **** piety under Dithmenos
  1157 | D        | Reached skill level 13 in Stealth
  1473 | D        | Reached ***** piety under Dithmenos
  1633 | D        | Reached skill level 5 in Translocations
  1776 | D        | Reached skill level 5 in Fighting
  1783 | D        | Reached ****** piety under Dithmenos
  1917 | D        | Reached skill level 10 in Short Blades
  1917 | D        | Reached XP level 10. HP: 51/51 MP: 16/25
  2071 | D        | Reached skill level 14 in Stealth
  2166 | D        | Reached skill level 5 in Ice Magic
  2316 | D        | Reached skill level 5 in Armour
  2406 | D        | Reached skill level 5 in Conjurations
  2414 | D        | Noticed a lindwurm
  2417 | D        | Killed a lindwurm
  2427 | D        | Reached skill level 15 in Stealth
  2428 | D        | Noticed Maud
  2434 | D        | Killed Maud
  2434 | D        | Reached XP level 11. HP: 45/56 MP: 25/28
  2496 | D        | Noticed a six-headed hydra
  2496 | D        | Noticed a six-headed hydra
  2501 | D        | Killed a six-headed hydra
  2502 | D        | Killed a six-headed hydra
  2539 | D        | Noticed a death drake
  2542 | D        | Killed a death drake
  2552 | D        | Found a blossoming altar of Fedhas.
  2552 | D        | Noticed a spriggan druid
  2554 | D        | Killed a spriggan druid
  2554 | D        | Reached skill level 16 in Stealth
  2577 | D        | Noticed a kraken
  2578 | D        | Noticed an alligator snapping turtle
  2578 | D        | Noticed an alligator snapping turtle
  2578 | D        | Found Xiej's Magic Scroll Emporium.
  2578 | D        | Found Hure's Antique Armour Shop.
  2578 | D        | Found Reilupor's Book Boutique.
  2851 | D        | Killed an alligator snapping turtle
  2851 | D        | Reached skill level 15 in Dodging
  2893 | D        | Killed a kraken
  2893 | D        | Reached skill level 10 in Hexes
  3004 | D        | Killed an alligator snapping turtle
  3009 | D        | Got a barnacled rune of Zot
  3062 | D        | Reached skill level 17 in Stealth
  3074 | D        | Reached skill level 10 in Evocations
  3075 | D        | Reached XP level 12. HP: 62/62 MP: 17/30
  3213 | D        | Noticed Rupert
  3217 | D        | Killed Rupert
  3217 | D        | Reached skill level 10 in Translocations
  3225 | D        | Noticed an azure jelly
  3225 | D        | Noticed an azure jelly
  3230 | D        | Reached skill level 18 in Stealth
  3247 | D        | Noticed an azure jelly
  3247 | D        | Noticed an azure jelly
  3386 | D        | Found Soget's Magic Scroll Shoppe.
  3391 | D        | Found Qoth's Gadget Boutique.
  3433 | D        | Noticed a dire elephant
  3433 | D        | Noticed a dire elephant
  3433 | D        | Noticed Gastronok
  3452 | D        | Killed a dire elephant
  3452 | D        | Reached skill level 15 in Spellcasting
  3463 | D        | Killed a dire elephant
  3770 | D        | Killed Gastronok
  4212 | D        | Found Nuwew's General Store.
  4216 | D        | Reached skill level 19 in Stealth
  4233 | D        | Reached XP level 13. HP: 45/68 MP: 6/33
  4311 | D        | Bought a scroll of identify for 24 gold pieces
  4311 | D        | Bought a scroll of identify for 24 gold pieces
  4632 | D        | Noticed a deep elf demonologist
  4637 | D        | Killed a deep elf demonologist
  4640 | D        | Noticed a deep elf master archer
  4722 | D        | Noticed a deep elf demonologist
  4726 | D        | Noticed a deep elf demonologist
  4730 | D        | Noticed an Executioner
  4894 | D        | Noticed a Hell Sentinel
  4966 | D        | Killed a deep elf master archer
  5124 | D        | Killed a deep elf demonologist
  5247 | D        | Noticed a Shadow Fiend
  5585 | D        | Reached skill level 20 in Stealth
  5634 | D        | Noticed an Executioner
  5828 | D        | Noticed Sigmund
  5828 | D        | Noticed Edmund
  5830 | D        | Killed Sigmund
  5830 | D        | Reached skill level 15 in Short Blades
  5831 | D        | Killed Edmund
  5988 | D        | Found Duju Fojyss's Jewellery Emporium.
  5988 | D        | Found Jacont's Distillery.
  5988 | D        | Found Rutiri's Food Shoppe.
  5988 | D        | Found Joaruyruity's Weapon Boutique.
  5988 | D        | Found Mafoid's Distillery.
  5988 | D        | Found Bad Foqi's Antique Armour Shop.
  5988 | D        | Found Cividghia's Gadget Emporium.
  5988 | D        | Found Umnyew's Magic Scroll Boutique.
  5989 | D        | Found Xicogot's Weapon Boutique.
  5989 | D        | Found Ajaiz's Book Shoppe.
  5989 | D        | Found Osot's Jewellery Shop.
  5989 | D        | Found Qaitsa Icwio's Antique Weapon Emporium.
  6003 | D        | Bought the ring "Jasa" {rPois rN+ MP-9 Int+11} for 543 gold pieces
  6005 | D        | Bought a book of Burglary for 750 gold pieces
  6009 | D        | Bought a potion of heal wounds for 70 gold pieces
  6009 | D        | Bought a potion of beneficial mutation for 490 gold pieces
  6010 | D        | Bought 2 potions of heal wounds for 110 gold pieces
  6034 | D        | Learned a level 2 spell: Swiftness
  6038 | D        | Learned a level 3 spell: Passwall
  6043 | D        | Learned a level 4 spell: Passage of Golubria
  6049 | D        | Learned a level 5 spell: Lee's Rapid Deconstruction
  6134 | D        | Reached skill level 1 in Charms
  6187 | D        | Reached skill level 1 in Transmutations
  6200 | D        | Reached skill level 1 in Earth Magic
  6210 | D        | Reached skill level 1 in Air Magic
  6231 | D        | Got an iridescent long sword
  6252 | D        | Reached XP level 14. HP: 74/74 MP: 35/36
  6256 | D        | Got an ivory quick blade
  6257 | D        | Identified the +0 quick blade "Giantbane" {freeze, Str+4} (You found it in the Dungeon)
  6627 | D        | Identified the Catalogue of Air
  6631 | D        | Got a slimy chain mail
  6633 | D        | Got an ichor-stained hunting sling
  6730 | D        | Got a bound wooden ring
  6735 | D        | Got a warped chain mail
  6740 | D        | Identified the ring of Jibassif {Wiz rF+ MR+} (You found it in the Dungeon)
  6922 | D        | Reached skill level 21 in Stealth
  7092 | D        | Noticed Chuck
  7490 | D        | Killed Chuck
  7673 | D        | Noticed Norris
  7690 | D        | Killed Norris
  7690 | D        | Reached skill level 1 in Shields
  7690 | D        | Reached skill level 5 in Charms
  7785 | D        | Learned a level 6 spell: Darkness
  8045 | D        | Noticed a lich
  8049 | D        | Killed a lich
  8049 | D        | Reached skill level 5 in Transmutations
  8060 | D        | Noticed a shadow dragon
  8060 | D        | Noticed a shadow dragon
  8061 | D        | Killed a shadow dragon
  8075 | D        | Killed a shadow dragon
  8075 | D        | Reached skill level 22 in Stealth
  8411 | D        | Noticed a lich
  8413 | D        | Killed a lich
  8434 | D        | Noticed a sphinx
  8434 | D        | Noticed a sphinx
  8449 | D        | Killed a sphinx
  8615 | D        | Killed a sphinx
  8767 | D        | Reached XP level 15. HP: 63/80 MP: 34/38
  8851 | D        | Lost mutation: You are agile. (Dex +2) [the power of Zot]
  9333 | D        | Reached skill level 5 in Earth Magic
  9535 | D        | Reached skill level 5 in Air Magic
  9563 | D        | Noticed Azrael
  9565 | D        | Killed Azrael
  9924 | D        | Learned a level 3 spell: Mephitic Cloud
 10092 | D        | Noticed a golden dragon
 10092 | D        | Noticed a golden dragon
 10092 | D        | Noticed a quicksilver dragon
 10092 | D        | Noticed a quicksilver dragon
 10093 | D        | Noticed a quicksilver dragon
 10100 | D        | Reached skill level 23 in Stealth
 10109 | D        | Reached skill level 1 in Poison Magic
 10179 | D        | Reached skill level 10 in Ice Magic
 10251 | D        | Killed a quicksilver dragon
 10251 | D        | Reached skill level 10 in Fighting
 10266 | D        | Got a brightly glowing bronze ring
 10293 | D        | Slain by a stone giant

Vault maps used:
D:        dungeon_sprint_mu

Action                   |  1- 3 |  4- 6 |  7- 9 | 10-12 | 13-15 || total
-------------------------+-------+-------+-------+-------+-------++-------
Melee: Dagger            |    23 |    26 |    57 |   262 |   117 ||   485
       Quick blade       |       |       |       |       |   152 ||   152
Throw: Throwing net      |       |       |       |       |    17 ||    17
 Cast: Ensorcelled Hiber |     2 |     1 |    37 |    46 |     6 ||    92
       Dazzling Spray    |     1 |    11 |     9 |    63 |   161 ||   245
       Confuse           |       |     1 |     2 |       |     8 ||    11
       Tukima's Dance    |       |     1 |       |       |     1 ||     2
       Controlled Blink  |       |       |       |       |     3 ||     3
       Lee's Rapid Decon |       |       |       |       |    13 ||    13
       Passwall          |       |       |       |       |     2 ||     2
       Passage of Golubr |       |       |       |       |     2 ||     2
       Mephitic Cloud    |       |       |       |       |     2 ||     2
Invok: Shadow Step       |       |       |     5 |    12 |    17 ||    34
 Abil: Evoke Invisibilit |       |     2 |       |     1 |     3 ||     6
       Evoke Flight      |       |       |       |       |     2 ||     2
  Use: Scroll            |       |     4 |       |     1 |    10 ||    15
       Potion            |       |     3 |       |     2 |     5 ||    10
 Stab: Sleeping          |     3 |     4 |    31 |    54 |    53 ||   145
       Invisible         |       |       |     4 |     4 |    14 ||    22
       Held in net/web   |       |       |       |       |     9 ||     9
       Confused          |       |       |       |       |     4 ||     4
  Eat: Bread ration      |       |       |     1 |       |       ||     1
       Fruit             |       |       |       |       |     8 ||     8
